Canucks vs Devils

Created - 2 février 2018 at 18:54

Goals
1 2 3 T
Canucks 2 1 1 4
Devils 0 1 1 2
Shots
1 2 3 T
Canucks 11 17 6 34
Devils 3 5 5 13

1st period

1. Canucks , Chris Kreider 15 (Adam Henrique 22, Jonathan Marchessault 18) at 4:44
2. Canucks , Alex Pietrangelo 11 (Matt Duchene 13, Erik Karlsson 30) at 5:17

Penalties :
Scott Wilson (NJD) for Hooking (Minor) at 1:09, Chris Kreider (VAN) for Slashing (Minor) at 1:09, Anton Stralman (NJD) for Elbowing (Minor) at 5:54, Dustin Brown (NJD) for Interference (Minor) at 17:21

2nd period

3. Devils , Shayne Gostisbehere 6 (Darren Helm 13) at 10:44 (PP)
4. Canucks , Adam Henrique 15 (Alex Petrovic 8, Jonathan Marchessault 19) at 18:12

Penalties :
Patrick Marleau (VAN) for Tripping (Minor) at 10:42, Dustin Brown (NJD) for Hooking (Minor) at 11:27

3rd period

5. Devils , Dougie Hamilton 10 (Ales Hemsky 6) at 2:30
6. Canucks , Patrick Marleau 12 (Nathan Beaulieu 13, Matt Duchene 14) at 4:19

Penalties :
Nathan Beaulieu (VAN) for Elbowing (Minor) at 7:28

Goalie Stats

Devan Dubnyk (VAN), 11 saves from 13 shots - (0.846), W, 25-14-8, 60:00 minutes
Michal Neuvirth (NJD), 30 saves from 34 shots - (0.882), L, 10-28-5, 60:00 minutes

Players Stats for Canucks

Player Name              G  A  P  +/- PIM S  H  SB GA TA FO     MP     PP MP  PK MP  
------------------------------------------------------------------------------------
Adam Henrique            1  1  2   2  0   7  0  0  0  0  12/30  22:07   2:39   1:26 
Alex Petrovic            0  1  1   2  0   0  1  0  0  0  0/0    17:54   1:41   1:10 
Alex Pietrangelo         1  0  1   1  0   1  0  2  0  0  0/0     5:01   1:14   0:00 
Chris Kreider            1  0  1   2  2   4  1  0  0  0  0/0    19:32   2:39   0:00 
Cody Ceci                0  0  0   1  0   1  1  0  0  0  0/0    23:49   3:02   0:00 
Erik Karlsson            0  1  1   1  0   2  1  1  0  0  0/0    25:56   3:13   1:01 
Evander Kane             0  0  0   0  0   2  2  0  0  0  0/1    12:29   0:33   1:26 
Evgeny Kuznetsov         0  0  0   1  0   2  1  0  0  0  16/25  22:41   2:50   0:00 
Jonathan Marchessault    0  2  2   2  0   3  1  0  0  0  0/0    19:33   2:39   0:00 
Logan Shaw               0  0  0   0  0   2  0  0  0  0  0/0     5:22   0:00   0:35 
Marcus Kruger            0  0  0   0  0   2  0  0  0  0  5/12   14:26   0:00   0:35 
Matt Duchene             0  2  2   1  0   3  0  0  0  0  1/2    23:09   3:18   0:00 
Mattias Ekholm           0  0  0   1  0   0  3  1  0  0  0/0    23:44   2:16   0:37 
Nathan Beaulieu          0  1  1   0  2   1  1  1  0  0  0/0    19:25   0:28   0:00 
Patrick Marleau          1  0  1   1  2   2  0  1  0  0  1/1    22:15   3:13   0:00 
Robby Fabbri             0  0  0   0  0   0  0  0  0  0  1/1     5:02   0:00   0:00 
Ryan Strome              0  0  0   0  0   2  0  0  0  0  0/0     9:22   0:00   0:00 
Simon Despres            0  0  0   0  0   0  0  0  0  0  0/0     4:10   0:00   1:14 

Players Stats for Devils

Player Name              G  A  P  +/- PIM S  H  SB GA TA FO     MP     PP MP  PK MP  
------------------------------------------------------------------------------------
Adam Pardy               0  0  0  -1  0   1  1  2  0  0  0/0    17:26   0:00   1:44 
Ales Hemsky              0  1  1   1  0   0  0  0  0  0  0/0    10:26   0:00   0:00 
Anton Stralman           0  0  0  -2  2   0  3  1  0  0  0/0    20:43   1:21   1:24 
Boyd Gordon              0  0  0   1  0   0  1  0  0  0  8/14   13:16   0:00   2:50 
Bryan Bickell            0  0  0  -2  0   0  1  0  0  0  0/0    11:35   0:00   2:08 
Chris Terry              0  0  0  -2  0   0  0  1  0  0  0/0    10:21   0:00   0:54 
Darren Helm              0  1  1  -1  0   2  1  0  0  0  11/22  19:09   1:02   2:25 
Dougie Hamilton          1  0  1   0  0   2  4  5  0  0  0/0    22:48   0:40   2:59 
Drew Stafford            0  0  0  -1  0   0  1  0  0  0  1/2    15:34   1:23   0:00 
Dustin Brown             0  0  0  -1  4   3  2  0  0  0  0/1    18:34   0:38   0:59 
Jordan Staal             0  0  0  -1  0   1  3  0  0  0  12/20  18:42   0:59   0:42 
Justin Schultz           0  0  0  -2  0   2  1  0  0  0  0/0    21:19   1:21   2:47 
Mike Cammalleri          0  0  0  -1  0   0  0  0  0  0  1/3    17:36   0:38   0:00 
Nikolay Kulemin          0  0  0  -1  0   1  0  1  0  0  0/0    17:30   1:23   1:56 
Pavel Zacha              0  0  0  -2  0   0  1  0  0  0  2/8     9:27   0:00   0:00 
Scott Wilson             0  0  0   1  2   0  2  0  0  0  1/2    10:25   0:00   0:00 
Shayne Gostisbehere      1  0  1   0  0   1  1  1  0  0  0/0    21:03   0:40   2:27 
Steven Kampfer           0  0  0  -1  0   0  1  0  0  0  0/0    16:06   0:00   0:33 

3 Stars

1 - Adam Henrique (VAN)
2 - Jonathan Marchessault (VAN)
3 - Alex Pietrangelo (VAN)

Power Play

Canucks - 0 on 3 Attempt(s) - 0.00%
Devils - 1 on 2 Attempt(s) - 50.00%

Penalty Kill

Canucks - 1 on 2 Attempt(s) - 50.00% - Score 0 goal in Penalty Kill
Devils - 3 on 3 Attempt(s) - 100.00% - Score 0 goal in Penalty Kill

Team Stat

Canucks - Hits : 12 - Faceoff Wins : 36 - Blocked Shots : 6 - Penalty Minutes : 6
Devils - Hits : 23 - Faceoff Wins : 36 - Blocked Shots : 11 - Penalty Minutes : 8

Official

Referees : Dan O'Halloran and Ian Walsh
Linesman : Ryan Gibbons and Matt MacPherson

Game Notes

Alex Pietrangelo is injured at 10:04 of 1st period (Left Knee)

Finance

Level 1 -- Attendance: 5221 (87.02%) -- Ticket Income 616 078 $
Level 2 -- Attendance: 4267 (85.34%) -- Ticket Income 362 695 $
Level 3 -- Attendance: 2000 (100.00%) -- Ticket Income 160 000 $
Level 4 -- Attendance: 3125 (86.21%) -- Ticket Income 62 500 $
Luxury Box -- Attendance: 854 (85.40%) -- Ticket Income 192 150 $
Game was played at the Prudential Center.
Total Attendance: 15467 (87.76%)
Total Ticket Income: 1 393 423 $
Other Income: 209 013 $
Total Income: 1 602 436 $

% Time on Ice - Canucks

Lines # - Real PCT - Wanted PCT - Time Play
Normal Forward
1 - 38% - 37% - 19:00
2 - 34% - 32% - 16:54
3 - 19% - 20% - 9:22
4 - 10% - 11% - 4:47
Normal Defense
1 - 51% - 40% - 25:22
2 - 33% - 35% - 16:44
3 - 16% - 25% - 7:57
4 - 0% - 0% - 0:00
PP Forward
1 - 55% - 60% - 3:18
2 - 45% - 40% - 2:39
PP Defense
1 - 62% - 60% - 3:41
2 - 38% - 40% - 2:16
PK Forward
1 - 71% - 60% - 1:26
2 - 29% - 40% - 0:35
PK Defense
1 - 100% - 60% - 2:01
2 - 0% - 40% - 0:00
PK3 Forward
1 - 0% - 60%
2 - 0% - 40%
PK3 Defense
1 - 0% - 60%
2 - 0% - 40%
44 Forward
1 - 43% - 60% - 0:51
2 - 57% - 40% - 1:08
44 Defense
1 - 43% - 60% - 0:51
2 - 57% - 40% - 1:08
Last Minute Offensive  - 0:00
Last Minute Defensive  - 0:00
Total
Forward - 60:00
Defense - 60:00

% Time on Ice - Devils

Lines # - Real PCT - Wanted PCT - Time Play
Normal Forward
1 - 32% - 30% - 15:59
2 - 28% - 30% - 14:11
3 - 21% - 20% - 10:26
4 - 19% - 20% - 9:27
Normal Defense
1 - 34% - 34% - 17:04
2 - 35% - 34% - 17:31
3 - 31% - 32% - 15:28
4 - 0% - 0% - 0:00
PP Forward
1 - 31% - 50% - 0:38
2 - 69% - 50% - 1:23
PP Defense
1 - 67% - 50% - 1:21
2 - 33% - 50% - 0:40
PK Forward
1 - 32% - 50% - 1:56
2 - 68% - 50% - 4:01
PK Defense
1 - 57% - 50% - 3:25
2 - 43% - 50% - 2:32
PK3 Forward
1 - 0% - 60%
2 - 0% - 40%
PK3 Defense
1 - 0% - 60%
2 - 0% - 40%
44 Forward
1 - 50% - 50% - 1:00
2 - 50% - 50% - 0:59
44 Defense
1 - 50% - 50% - 1:00
2 - 50% - 50% - 0:59
Last Minute Offensive  - 0:00
Last Minute Defensive  - 0:00
Total
Forward - 60:00
Defense - 60:00

Play by Play

1st period


0:01 of 1st period - Evgeny Kuznetsov wins face-off versus Dustin Brown in neutral zone.
0:50 of 1st period - Off-side.
0:51 of 1st period - Adam Henrique wins face-off versus Boyd Gordon in neutral zone.
1:09 of 1st period - Minor Penalty to Scott Wilson for Hooking.
1:09 of 1st period - Minor Penalty to Chris Kreider for Slashing.
1:10 of 1st period - Evgeny Kuznetsov wins face-off versus Mike Cammalleri in neutral zone.
1:28 of 1st period - Shot by Matt Duchene.
1:28 of 1st period - Deflect By Evgeny Kuznetsov.
1:28 of 1st period - Shot Misses the Net.
1:47 of 1st period - Icing by Darren Helm.
1:48 of 1st period - Mike Cammalleri wins face-off versus Adam Henrique in Devils zone.
2:00 of 1st period - Icing by Cody Ceci.
2:01 of 1st period - Jordan Staal wins face-off versus Adam Henrique in Canucks zone.
2:04 of 1st period - Shot by Dustin Brown.
2:04 of 1st period - Deflect By Jordan Staal.
2:04 of 1st period - Stopped by Devan Dubnyk without a rebound.
2:05 of 1st period - Jordan Staal wins face-off versus Adam Henrique in Canucks zone.
2:17 of 1st period - Alex Pietrangelo is hit by Justin Schultz and loses puck.
2:57 of 1st period - Off-side.
2:58 of 1st period - Matt Duchene wins face-off versus Mike Cammalleri in neutral zone.
3:05 of 1st period - Shot by Evgeny Kuznetsov.
3:05 of 1st period - Stopped by Michal Neuvirth with a rebound.
3:07 of 1st period - Shot by Nathan Beaulieu.
3:07 of 1st period - Shot Blocked by Dougie Hamilton.
3:11 of 1st period - Shot by Evgeny Kuznetsov.
3:11 of 1st period - Stopped by Michal Neuvirth with a rebound.
4:14 of 1st period - Icing by Shayne Gostisbehere.
4:15 of 1st period - Adam Henrique wins face-off versus Darren Helm in Devils zone.
4:20 of 1st period - Shot by Jonathan Marchessault.
4:20 of 1st period - Stopped by Michal Neuvirth with a rebound.
4:44 of 1st period - Shot by Adam Henrique.
4:44 of 1st period - Deflect By Chris Kreider.
4:44 of 1st period - Goal by Chris Kreider - Canucks : 1 - Devils : 0.
4:45 of 1st period - Jordan Staal wins face-off versus Evgeny Kuznetsov in neutral zone.
5:00 of 1st period - Erik Karlsson is hit by Jordan Staal.
5:13 of 1st period - Shot by Matt Duchene.
5:13 of 1st period - Shot Misses the Net.
5:15 of 1st period - Shot by Alex Pietrangelo.
5:15 of 1st period - Shot Misses the Net.
5:17 of 1st period - Shot by Alex Pietrangelo.
5:17 of 1st period - Goal by Alex Pietrangelo - Canucks : 2 - Devils : 0.
5:18 of 1st period - Boyd Gordon wins face-off versus Adam Henrique in neutral zone.
5:28 of 1st period - Icing by Mattias Ekholm.
5:29 of 1st period - Adam Henrique wins face-off versus Pavel Zacha in Canucks zone.
5:31 of 1st period - Icing by Jonathan Marchessault.
5:32 of 1st period - Scott Wilson wins face-off versus Adam Henrique in Canucks zone.
5:47 of 1st period - Shot by Chris Kreider.
5:47 of 1st period - Shot Blocked by Dougie Hamilton.
5:49 of 1st period - Shot by Cody Ceci.
5:49 of 1st period - Stopped by Michal Neuvirth without a rebound.
5:50 of 1st period - Marcus Kruger wins face-off versus Darren Helm in Devils zone.
5:54 of 1st period - Minor Penalty to Anton Stralman for Elbowing.
5:55 of 1st period - Evgeny Kuznetsov wins face-off versus Darren Helm in Devils zone.
6:11 of 1st period - Erik Karlsson is hit by Dougie Hamilton and loses puck.
6:28 of 1st period - Shot by Patrick Marleau.
6:28 of 1st period - Shot Misses the Net.
6:38 of 1st period - Alex Pietrangelo is hit by Boyd Gordon and loses puck.
7:15 of 1st period - Jonathan Marchessault is hit by Steven Kampfer and loses puck.
8:02 of 1st period - Shot by Marcus Kruger.
8:02 of 1st period - Shot Misses the Net.
8:57 of 1st period - Shot by Adam Henrique.
8:57 of 1st period - Deflect By Jonathan Marchessault.
8:57 of 1st period - Stopped by Michal Neuvirth without a rebound.
8:58 of 1st period - Jordan Staal wins face-off versus Marcus Kruger in Devils zone.
9:10 of 1st period - Icing by Anton Stralman.
9:11 of 1st period - Jordan Staal wins face-off versus Evgeny Kuznetsov in Devils zone.
9:58 of 1st period - Shot by Nikolay Kulemin.
9:58 of 1st period - Shot Misses the Net.
10:00 of 1st period - Shot by Adam Pardy.
10:00 of 1st period - Shot Blocked by Alex Pietrangelo.
10:02 of 1st period - Shot by Nikolay Kulemin.
10:02 of 1st period - Shot Misses the Net.
10:04 of 1st period - Shot by Adam Pardy.
10:04 of 1st period - Shot Blocked by Alex Pietrangelo.
10:04 of 1st period - Alex Pietrangelo from Canucks is injured at 10:04 of 1st period (Left Knee).
10:05 of 1st period - Adam Henrique wins face-off versus Scott Wilson in Canucks zone.
10:12 of 1st period - Shot by Adam Henrique.
10:12 of 1st period - Shot Misses the Net.
10:14 of 1st period - Shot by Adam Henrique.
10:14 of 1st period - Shot Misses the Net.
10:16 of 1st period - Shot by Adam Henrique.
10:16 of 1st period - Shot Misses the Net.
10:18 of 1st period - Shot by Adam Henrique.
10:18 of 1st period - Shot Misses the Net.
10:26 of 1st period - Shot by Chris Kreider.
10:26 of 1st period - Stopped by Michal Neuvirth without a rebound.
10:27 of 1st period - Darren Helm wins face-off versus Marcus Kruger in Devils zone.
10:40 of 1st period - Nikolay Kulemin is hit by Evander Kane and loses puck.
10:47 of 1st period - Shot by Evander Kane.
10:47 of 1st period - Shot Misses the Net.
11:36 of 1st period - Shot by Mike Cammalleri.
11:36 of 1st period - Deflect By Jordan Staal.
11:36 of 1st period - Shot Misses the Net.
11:43 of 1st period - Jonathan Marchessault is hit by Dougie Hamilton and loses puck.
11:51 of 1st period - Icing by Shayne Gostisbehere.
11:52 of 1st period - Evgeny Kuznetsov wins face-off versus Jordan Staal in Devils zone.
11:52 of 1st period - Erik Karlsson is hit by Dougie Hamilton and loses puck.
12:25 of 1st period - Shot by Boyd Gordon.
12:25 of 1st period - Shot Misses the Net.
12:27 of 1st period - Shot by Adam Pardy.
12:27 of 1st period - Stopped by Devan Dubnyk without a rebound.
12:28 of 1st period - Pavel Zacha wins face-off versus Adam Henrique in Canucks zone.
12:45 of 1st period - Shot by Adam Henrique.
12:45 of 1st period - Stopped by Michal Neuvirth with a rebound.
14:09 of 1st period - Shot by Matt Duchene.
14:09 of 1st period - Shot Blocked by Dougie Hamilton.
14:46 of 1st period - Jonathan Marchessault is hit by Adam Pardy and loses puck.
15:59 of 1st period - Off-side.
16:00 of 1st period - Darren Helm wins face-off versus Adam Henrique in neutral zone.
16:03 of 1st period - Shot by Nikolay Kulemin.
16:03 of 1st period - Stopped by Devan Dubnyk without a rebound.
16:04 of 1st period - Evgeny Kuznetsov wins face-off versus Darren Helm in Canucks zone.
17:21 of 1st period - Minor Penalty to Dustin Brown for Interference.
17:22 of 1st period - Boyd Gordon wins face-off versus Evgeny Kuznetsov in Devils zone.
18:13 of 1st period - Shot by Erik Karlsson.
18:13 of 1st period - Shot Blocked by Chris Terry.
18:23 of 1st period - Shot by Adam Henrique.
18:23 of 1st period - Shot Blocked by Shayne Gostisbehere.
18:57 of 1st period - Shot by Nathan Beaulieu.
18:57 of 1st period - Stopped by Michal Neuvirth without a rebound.
18:58 of 1st period - Adam Henrique wins face-off versus Darren Helm in Devils zone.
19:09 of 1st period - Shot by Erik Karlsson.
19:09 of 1st period - Shot Blocked by Adam Pardy.
19:11 of 1st period - Shot by Adam Henrique.
19:11 of 1st period - Shot Misses the Net.
19:13 of 1st period - Shot by Adam Henrique.
19:13 of 1st period - Shot Misses the Net.
19:15 of 1st period - Shot by Erik Karlsson.
19:15 of 1st period - Stopped by Michal Neuvirth without a rebound.
19:16 of 1st period - Evgeny Kuznetsov wins face-off versus Boyd Gordon in Devils zone.
Goals for this period are 2 for Canucks vs 0 for Devils.
Shots for this period are 11 for Canucks vs 3 for Devils.

2nd period


0:01 of 2nd period - Patrick Marleau wins face-off versus Darren Helm in neutral zone.
0:13 of 2nd period - Nikolay Kulemin is hit by Mattias Ekholm.
0:26 of 2nd period - Drew Stafford is hit by Mattias Ekholm and loses puck.
1:37 of 2nd period - Adam Henrique is hit by Jordan Staal and loses puck.
1:44 of 2nd period - Shot by Mike Cammalleri.
1:44 of 2nd period - Deflect By Dustin Brown.
1:44 of 2nd period - Stopped by Devan Dubnyk without a rebound.
1:45 of 2nd period - Marcus Kruger wins face-off versus Pavel Zacha in Canucks zone.
2:04 of 2nd period - Shot by Evander Kane.
2:04 of 2nd period - Stopped by Michal Neuvirth with a rebound.
2:42 of 2nd period - Shot by Darren Helm.
2:42 of 2nd period - Stopped by Devan Dubnyk without a rebound.
2:43 of 2nd period - Evgeny Kuznetsov wins face-off versus Jordan Staal in Canucks zone.
2:54 of 2nd period - Shot by Matt Duchene.
2:54 of 2nd period - Shot Misses the Net.
2:57 of 2nd period - Icing by Dustin Brown.
2:58 of 2nd period - Jordan Staal wins face-off versus Adam Henrique in Devils zone.
3:17 of 2nd period - Shot by Dustin Brown.
3:17 of 2nd period - Deflect By Mike Cammalleri.
3:17 of 2nd period - Shot Misses the Net.
3:25 of 2nd period - Shot by Chris Kreider.
3:25 of 2nd period - Stopped by Michal Neuvirth without a rebound.
3:26 of 2nd period - Darren Helm wins face-off versus Evgeny Kuznetsov in Devils zone.
3:48 of 2nd period - Shot by Patrick Marleau.
3:48 of 2nd period - Stopped by Michal Neuvirth without a rebound.
3:49 of 2nd period - Boyd Gordon wins face-off versus Marcus Kruger in Devils zone.
3:49 of 2nd period - Boyd Gordon is hit by Evander Kane.
3:54 of 2nd period - Icing by Adam Pardy.
3:55 of 2nd period - Boyd Gordon wins face-off versus Adam Henrique in Devils zone.
3:55 of 2nd period - Scott Wilson is hit by Chris Kreider and loses puck.
4:02 of 2nd period - Shot by Jonathan Marchessault.
4:02 of 2nd period - Deflect By Adam Henrique.
4:02 of 2nd period - Shot Misses the Net.
4:04 of 2nd period - Shot by Adam Henrique.
4:04 of 2nd period - Stopped by Michal Neuvirth without a rebound.
4:05 of 2nd period - Evgeny Kuznetsov wins face-off versus Darren Helm in Devils zone.
4:06 of 2nd period - Shot by Matt Duchene.
4:06 of 2nd period - Stopped by Michal Neuvirth without a rebound.
4:07 of 2nd period - Drew Stafford wins face-off versus Evgeny Kuznetsov in Devils zone.
4:11 of 2nd period - Icing by Nikolay Kulemin.
4:12 of 2nd period - Darren Helm wins face-off versus Evgeny Kuznetsov in Devils zone.
4:29 of 2nd period - Icing by Steven Kampfer.
4:30 of 2nd period - Darren Helm wins face-off versus Adam Henrique in Devils zone.
4:57 of 2nd period - Shot by Chris Kreider.
4:57 of 2nd period - Stopped by Michal Neuvirth without a rebound.
4:58 of 2nd period - Jordan Staal wins face-off versus Matt Duchene in Devils zone.
5:06 of 2nd period - Erik Karlsson is hit by Jordan Staal and loses puck.
5:12 of 2nd period - Jordan Staal is hit by Evgeny Kuznetsov and loses puck.
5:37 of 2nd period - Shot by Mike Cammalleri.
5:37 of 2nd period - Shot Blocked by Patrick Marleau.
6:10 of 2nd period - Shot by Ales Hemsky.
6:10 of 2nd period - Shot Blocked by Mattias Ekholm.
7:28 of 2nd period - Shot by Evander Kane.
7:28 of 2nd period - Stopped by Michal Neuvirth without a rebound.
7:29 of 2nd period - Marcus Kruger wins face-off versus Jordan Staal in Devils zone.
7:37 of 2nd period - Icing by Justin Schultz.
7:38 of 2nd period - Evgeny Kuznetsov wins face-off versus Jordan Staal in Devils zone.
7:45 of 2nd period - Shot by Mike Cammalleri.
7:45 of 2nd period - Shot Misses the Net.
7:53 of 2nd period - Shot by Dustin Brown.
7:53 of 2nd period - Deflect By Mike Cammalleri.
7:53 of 2nd period - Shot Misses the Net.
8:02 of 2nd period - Dustin Brown is hit by Alex Petrovic.
8:10 of 2nd period - Shot by Mike Cammalleri.
8:10 of 2nd period - Shot Blocked by Nathan Beaulieu.
8:56 of 2nd period - Shot by Marcus Kruger.
8:56 of 2nd period - Deflect By Ryan Strome.
8:56 of 2nd period - Shot Blocked by Adam Pardy.
8:58 of 2nd period - Shot by Evander Kane.
8:58 of 2nd period - Shot Misses the Net.
9:00 of 2nd period - Shot by Erik Karlsson.
9:00 of 2nd period - Stopped by Michal Neuvirth with a rebound.
9:02 of 2nd period - Shot by Marcus Kruger.
9:02 of 2nd period - Stopped by Michal Neuvirth without a rebound.
9:03 of 2nd period - Adam Henrique wins face-off versus Drew Stafford in Devils zone.
9:48 of 2nd period - Shot by Anton Stralman.
9:48 of 2nd period - Shot Blocked by Erik Karlsson.
10:21 of 2nd period - Shot by Marcus Kruger.
10:21 of 2nd period - Stopped by Michal Neuvirth without a rebound.
10:22 of 2nd period - Evgeny Kuznetsov wins face-off versus Jordan Staal in Devils zone.
10:27 of 2nd period - Shot by Evgeny Kuznetsov.
10:27 of 2nd period - Shot Misses the Net.
10:42 of 2nd period - Minor Penalty to Patrick Marleau for Tripping.
10:43 of 2nd period - Darren Helm wins face-off versus Evander Kane in Canucks zone.
10:44 of 2nd period - Shot by Shayne Gostisbehere.
10:44 of 2nd period - Goal by Shayne Gostisbehere - Canucks : 2 - Devils : 1.
10:45 of 2nd period - Boyd Gordon wins face-off versus Marcus Kruger in neutral zone.
11:12 of 2nd period - Shot by Ryan Strome.
11:12 of 2nd period - Stopped by Michal Neuvirth with a rebound.
11:16 of 2nd period - Shot by Ryan Strome.
11:16 of 2nd period - Stopped by Michal Neuvirth without a rebound.
11:17 of 2nd period - Jordan Staal wins face-off versus Evgeny Kuznetsov in Devils zone.
11:27 of 2nd period - Minor Penalty to Dustin Brown for Hooking.
11:28 of 2nd period - Boyd Gordon wins face-off versus Adam Henrique in Devils zone.
11:46 of 2nd period - Shot by Chris Kreider.
11:46 of 2nd period - Shot Blocked by Anton Stralman.
11:50 of 2nd period - Shot by Adam Henrique.
11:50 of 2nd period - Stopped by Michal Neuvirth without a rebound.
11:51 of 2nd period - Evgeny Kuznetsov wins face-off versus Boyd Gordon in Devils zone.
11:52 of 2nd period - Shot by Patrick Marleau.
11:52 of 2nd period - Shot Misses the Net.
11:54 of 2nd period - Shot by Cody Ceci.
11:54 of 2nd period - Shot Blocked by Nikolay Kulemin.
11:59 of 2nd period - Evgeny Kuznetsov is hit by Shayne Gostisbehere and loses puck.
13:07 of 2nd period - Shot by Adam Henrique.
13:07 of 2nd period - Stopped by Michal Neuvirth without a rebound.
13:08 of 2nd period - Darren Helm wins face-off versus Adam Henrique in Devils zone.
13:23 of 2nd period - Shot by Jonathan Marchessault.
13:23 of 2nd period - Stopped by Michal Neuvirth without a rebound.
13:24 of 2nd period - Adam Henrique wins face-off versus Boyd Gordon in Devils zone.
13:46 of 2nd period - Dustin Brown is hit by Erik Karlsson and loses puck.
13:51 of 2nd period - Shot by Dustin Brown.
13:51 of 2nd period - Stopped by Devan Dubnyk without a rebound.
13:52 of 2nd period - Boyd Gordon wins face-off versus Adam Henrique in Canucks zone.
14:10 of 2nd period - Icing by Cody Ceci.
14:11 of 2nd period - Darren Helm wins face-off versus Adam Henrique in Canucks zone.
14:14 of 2nd period - Shot by Nikolay Kulemin.
14:14 of 2nd period - Deflect By Darren Helm.
14:14 of 2nd period - Stopped by Devan Dubnyk without a rebound.
14:15 of 2nd period - Darren Helm wins face-off versus Evgeny Kuznetsov in Canucks zone.
15:22 of 2nd period - Shot by Adam Henrique.
15:22 of 2nd period - Stopped by Michal Neuvirth without a rebound.
15:23 of 2nd period - Marcus Kruger wins face-off versus Jordan Staal in Devils zone.
16:12 of 2nd period - Erik Karlsson is hit by Dustin Brown and loses puck.
16:23 of 2nd period - Shot by Chris Kreider.
16:23 of 2nd period - Shot Misses the Net.
16:57 of 2nd period - Shot by Patrick Marleau.
16:57 of 2nd period - Shot Blocked by Dougie Hamilton.
16:59 of 2nd period - Shot by Mattias Ekholm.
16:59 of 2nd period - Shot Misses the Net.
17:48 of 2nd period - Off-side.
17:49 of 2nd period - Adam Henrique wins face-off versus Pavel Zacha in neutral zone.
17:57 of 2nd period - Chris Kreider is hit by Anton Stralman and loses puck.
18:04 of 2nd period - Shot by Adam Henrique.
18:04 of 2nd period - Shot Misses the Net.
18:08 of 2nd period - Shot by Jonathan Marchessault.
18:08 of 2nd period - Shot Misses the Net.
18:12 of 2nd period - Shot by Adam Henrique.
18:12 of 2nd period - Goal by Adam Henrique - Canucks : 3 - Devils : 1.
18:13 of 2nd period - Darren Helm wins face-off versus Evgeny Kuznetsov in neutral zone.
18:29 of 2nd period - Nathan Beaulieu is hit by Darren Helm and loses puck.
19:56 of 2nd period - Off-side.
19:57 of 2nd period - Marcus Kruger wins face-off versus Darren Helm in neutral zone.
Goals for this period are 1 for Canucks vs 1 for Devils.
Shots for this period are 17 for Canucks vs 5 for Devils.

3rd period


0:01 of 3rd period - Evgeny Kuznetsov wins face-off versus Darren Helm in neutral zone.
1:37 of 3rd period - Mattias Ekholm is hit by Pavel Zacha.
2:14 of 3rd period - Icing by Shayne Gostisbehere.
2:15 of 3rd period - Evgeny Kuznetsov wins face-off versus Boyd Gordon in Devils zone.
2:30 of 3rd period - Shot by Dougie Hamilton.
2:30 of 3rd period - Goal by Dougie Hamilton - Canucks : 3 - Devils : 2.
2:31 of 3rd period - Jordan Staal wins face-off versus Marcus Kruger in neutral zone.
3:40 of 3rd period - Shot by Evgeny Kuznetsov.
3:40 of 3rd period - Shot Misses the Net.
3:44 of 3rd period - Shot by Patrick Marleau.
3:44 of 3rd period - Shot Blocked by Dougie Hamilton.
4:06 of 3rd period - Shot by Logan Shaw.
4:06 of 3rd period - Stopped by Michal Neuvirth with a rebound.
4:08 of 3rd period - Shot by Logan Shaw.
4:08 of 3rd period - Stopped by Michal Neuvirth without a rebound.
4:09 of 3rd period - Evgeny Kuznetsov wins face-off versus Pavel Zacha in Devils zone.
4:19 of 3rd period - Shot by Patrick Marleau.
4:19 of 3rd period - Goal by Patrick Marleau - Canucks : 4 - Devils : 2.
4:20 of 3rd period - Adam Henrique wins face-off versus Boyd Gordon in neutral zone.
4:35 of 3rd period - Shot by Adam Henrique.
4:35 of 3rd period - Shot Hit the Post.
6:07 of 3rd period - Chris Terry is hit by Mattias Ekholm and loses puck.
7:27 of 3rd period - Mike Cammalleri is hit by Nathan Beaulieu and loses puck.
7:28 of 3rd period - Minor Penalty to Nathan Beaulieu for Elbowing.
7:29 of 3rd period - Adam Henrique wins face-off versus Jordan Staal in Canucks zone.
7:49 of 3rd period - Shot by Justin Schultz.
7:49 of 3rd period - Stopped by Devan Dubnyk without a rebound.
7:50 of 3rd period - Jordan Staal wins face-off versus Adam Henrique in Canucks zone.
7:55 of 3rd period - Shot by Dougie Hamilton.
7:55 of 3rd period - Stopped by Devan Dubnyk without a rebound.
7:56 of 3rd period - Adam Henrique wins face-off versus Darren Helm in Canucks zone.
8:20 of 3rd period - Off-side.
8:21 of 3rd period - Jordan Staal wins face-off versus Adam Henrique in neutral zone.
8:50 of 3rd period - Shot by Mike Cammalleri.
8:50 of 3rd period - Shot Misses the Net.
8:52 of 3rd period - Shot by Dustin Brown.
8:52 of 3rd period - Stopped by Devan Dubnyk without a rebound.
8:53 of 3rd period - Darren Helm wins face-off versus Marcus Kruger in Canucks zone.
10:31 of 3rd period - Evgeny Kuznetsov is hit by Scott Wilson and loses puck.
10:35 of 3rd period - Mattias Ekholm is hit by Scott Wilson and loses puck.
10:45 of 3rd period - Matt Duchene is hit by Dougie Hamilton and loses puck.
11:38 of 3rd period - Icing by Shayne Gostisbehere.
11:39 of 3rd period - Boyd Gordon wins face-off versus Marcus Kruger in Devils zone.
13:32 of 3rd period - Shot by Adam Henrique.
13:32 of 3rd period - Stopped by Michal Neuvirth without a rebound.
13:33 of 3rd period - Robby Fabbri wins face-off versus Pavel Zacha in Devils zone.
13:34 of 3rd period - Shot by Ryan Strome.
13:34 of 3rd period - Shot Misses the Net.
13:42 of 3rd period - Nathan Beaulieu is hit by Bryan Bickell and loses puck.
13:47 of 3rd period - Shot by Justin Schultz.
13:47 of 3rd period - Stopped by Devan Dubnyk without a rebound.
13:48 of 3rd period - Adam Henrique wins face-off versus Pavel Zacha in Canucks zone.
15:04 of 3rd period - Justin Schultz is hit by Cody Ceci and loses puck.
15:27 of 3rd period - Shot by Evgeny Kuznetsov.
15:27 of 3rd period - Shot Misses the Net.
15:29 of 3rd period - Shot by Matt Duchene.
15:29 of 3rd period - Stopped by Michal Neuvirth without a rebound.
15:30 of 3rd period - Evgeny Kuznetsov wins face-off versus Darren Helm in Devils zone.
16:09 of 3rd period - Cody Ceci is hit by Drew Stafford and loses puck.
16:20 of 3rd period - Nikolay Kulemin is hit by Jonathan Marchessault and loses puck.
17:00 of 3rd period - Off-side.
17:01 of 3rd period - Evgeny Kuznetsov wins face-off versus Jordan Staal in neutral zone.
17:01 of 3rd period - Erik Karlsson is hit by Dustin Brown.
17:07 of 3rd period - Shot by Patrick Marleau.
17:07 of 3rd period - Shot Misses the Net.
17:18 of 3rd period - Matt Duchene is hit by Anton Stralman and loses puck.
17:22 of 3rd period - Evgeny Kuznetsov is hit by Anton Stralman and loses puck.
17:29 of 3rd period - Shot by Matt Duchene.
17:29 of 3rd period - Stopped by Michal Neuvirth without a rebound.
17:30 of 3rd period - Pavel Zacha wins face-off versus Adam Henrique in Devils zone.
17:59 of 3rd period - Shot by Bryan Bickell.
17:59 of 3rd period - Shot Misses the Net.
18:16 of 3rd period - Icing by Nathan Beaulieu.
18:17 of 3rd period - Jordan Staal wins face-off versus Adam Henrique in Canucks zone.
19:47 of 3rd period - Shot by Ales Hemsky.
19:47 of 3rd period - Shot Misses the Net.
Goals for this period are 1 for Canucks vs 1 for Devils.
Shots for this period are 6 for Canucks vs 5 for Devils.